 Dungeon Crawl Stone Soup version 0.22.1 (webtiles) character file.

1558 Ramireus the Bolt Thrower (level 8, 0/64 HPs)
             Began as a Barachi Hunter on Sept 18, 2018.
             Was a Follower of Cheibriados.
             Slain by a sky beast (5 damage)
             ... on level 6 of the Dungeon on Sept 19, 2018.
             The game lasted 00:39:56 (6576 turns).

Ramireus the Bolt Thrower (Barachi Hunter)          Turns: 6576, Time: 00:39:56

Health: 0/64       AC:  8    Str: 15    XL:     8   Next: 88%
Magic:  8/8        EV: 14    Int: 14    God:    Cheibriados [*.....]
Gold:   373        SH:  0    Dex: 17    Spells: 7/7 levels left

rFire    . . .     SeeInvis .   a - +1 hand crossbow
rCold    . . .     Gourm    .   (no shield)
rNeg     + . .     Faith    .   s - +1 ring mail {rN+}
rPois    .         Spirit   .   (helmet restricted)
rElec    .         Reflect  .   v - +0 cloak
rCorr    .         Harm     .   (no gloves)
MR       +....                  (no boots)
Stlth    +.........             (no amulet)
HPRegen  0.20/turn              (no ring)
MPRegen  0.11/turn              (no ring)

@: lethally poisoned (0 -> 0), very slow
A: +LOS, swims, horns 1, magic resistance 1, slowness 1, strong legs 1
a: Hop, Bend Time, Renounce Religion


You were on level 6 of the Dungeon.
You worshipped Cheibriados.
Cheibriados was aware of your devotion.
You were not hungry.

You visited 1 branch of the dungeon, and saw 6 of its levels.

You collected 373 gold pieces.

Inventory:

Hand Weapons
 a - a +1 hand crossbow (weapon)
 x - a +2 short sword of holy wrath
Missiles
 o - 6 bolts (quivered)
 w - 5 tomahawks
Armour
 i - a cursed +0 helmet
 m - a +0 helmet
 s - a +1 ring mail of positive energy (worn)
 v - a +0 cloak (worn)
Jewellery
 c - an uncursed ring of positive energy {unknown}
 y - a cursed amulet of inaccuracy {unknown}
Wands
 d - a wand of iceblast (19)
 r - a wand of digging (15)
 A - a wand of flame (27)
 E - a wand of enslavement (11)
Scrolls
 b - a scroll of immolation {unknown}
 e - 3 scrolls of remove curse {unknown}
 h - 8 scrolls of teleportation {unknown}
 k - 8 scrolls of identify {unknown}
 n - a scroll of random uselessness {unknown}
 q - a scroll of enchant armour {unknown}
 z - a scroll of blinking {unknown}
 B - 3 scrolls of magic mapping {unknown}
Potions
 g - a potion of degeneration {unknown}
 j - a potion of heal wounds {unknown}
 l - 3 potions of lignification
 p - 2 potions of ambrosia {unknown}
 t - a potion of mutation
 u - 2 potions of flight {unknown}
 C - a potion of cancellation {unknown}
Comestibles
 f - 7 rations
 D - 5 chunks of flesh


   Skills:
 + Level 5.9 Fighting
 + Level 7.9 Crossbows
 + Level 6.5 Armour
 + Level 5.1 Dodging
 - Level 0.8 Stealth


You had 7 spell levels left.
You didn't know any spells.
Your spell library was empty.

Dungeon Overview and Level Annotations

Branches:
Dungeon (6/15)             Temple (0/1) D:6

Altars:
Cheibriados
Dithmenos
Fedhas
Kikubaaqudgha
Nemelex Xobeh
Okawaru
Ru
Sif Muna
Wu Jian
Yredelemnul


Innate Abilities, Weirdness & Mutations

Shadows flee at your approach. (+LOS)
You can swim through water.
You cover ground slowly.
You can hop short distances.
You have a pair of small horns on your head.
You are resistant to hostile enchantments. (MR+)


Message History

* * * LOW HITPOINT WARNING * * *
Firing (i - inventory. (/) - cycle)
o - 9 bolts (quivered)
Press: ? - help, Shift-Dir - straight line You shoot a bolt.
Something hits you.
* * * LOW HITPOINT WARNING * * *
Something shocks you.
* * * LOW HITPOINT WARNING * * *
It was a potion of mutation.
You feel extremely strange.
You feel resistant to hostile enchantments.
A pair of horns grows on your head!
Your cursed +0 helmet falls away!
Something barely misses you.
Firing (i - inventory. (/) - cycle)
o - 8 bolts (quivered)
Press: ? - help, Shift-Dir - straight line You shoot a bolt.
You feel sick. Something barely misses you.
Firing (i - inventory. (/) - cycle)
o - 7 bolts (quivered)
Press: ? - help, Shift-Dir - straight line You shoot a bolt.
Something hits you.
* * * LOW HITPOINT WARNING * * *
Something shocks you.
You die...

#. #.# #.# # #(
#.# ## .#..# #.#
###.## .((((.
#.# #....#((.#
#.# #.##@{#
##.###.#...#
##...##..###.#
##.#.#.#).# ..#
#..รท.##.).# .#
##.##..#.#...#.#
#.......##....#
#.#..#####.####
#.##.# #.#


There were no monsters in sight!

Vanquished Creatures
  Edmund (D:6)
  A necrophage (D:5)
  A sky beast (D:6)
  4 ogres
  Blork the orc (D:6)
  A wyvern skeleton (D:6)
  2 howler monkeys
  A bullfrog zombie (D:5)
  A jelly (D:4)
  3 orc wizards
  A centaur skeleton (D:4)
  4 orc priests
  Crazy Yiuf (D:3)
  Ijyb (D:3)
  Natasha (thrice) (D:3 D:4)
  2 worker ants
  A hound skeleton (D:5)
  11 adders
  2 shadow imps (D:5)
  2 oozes
  2 dart slugs
  4 leopard geckos
  9 orcs
  4 giant cockroaches
  13 goblins
  11 hobgoblins
  10 jackals
  3 kobolds
  2 quokkas
  A ball python (D:2)
  5 bats
  6 frilled lizards
  A quokka skeleton (D:5)
  6 rats
121 creatures vanquished.

Vanquished Creatures (others)
  An orc wizard (D:4)
1 creature vanquished.

Grand Total: 122 creatures vanquished

Notes
Turn   | Place    | Note
-------+----------+-------------------------------------------
     0 | D:1      | Ramireus the Barachi Hunter began the quest for the Orb.
     0 | D:1      | Reached XP level 1. HP: 17/17 MP: 1/1
   164 | D:1      | Reached XP level 2. HP: 22/23 MP: 2/2
   998 | D:2      | Reached XP level 3. HP: 24/28 MP: 3/3
  1070 | D:2      | Noticed an ogre
  1077 | D:2      | HP: 1/28 [ogre/giant club (2)]
  1083 | D:2      | HP: 1/28 [ogre/giant club (11)]
  1085 | D:2      | Killed an ogre
  1085 | D:2      | Reached skill level 5 in Crossbows
  1085 | D:2      | Reached skill level 1 in Armour
  1085 | D:2      | Reached XP level 4. HP: 1/35 MP: 4/4
  1403 | D:2      | Found a faded altar of an unknown god.
  1551 | D:2      | Reached XP level 5. HP: 41/41 MP: 5/5
  2820 | D:3      | Found a snail-covered altar of Cheibriados.
  2904 | D:3      | HP: 2/41 [poisoned by an adder]
  2912 | D:3      | HP: 1/41 [poisoned by an adder]
  3244 | D:3      | Found a shadowy altar of Dithmenos.
  3292 | D:3      | Reached XP level 6. HP: 25/48 MP: 6/6
  3304 | D:3      | Noticed Natasha
  3308 | D:3      | Killed Natasha
  3313 | D:3      | Noticed Ijyb
  3361 | D:3      | Killed Ijyb
  3530 | D:3      | Noticed Natasha
  3532 | D:3      | Killed Natasha
  3635 | D:3      | Found a basalt altar of Yredelemnul.
  3835 | D:3      | Found a runed door.
  3900 | D:3      | Noticed Crazy Yiuf
  3903 | D:3      | Killed Crazy Yiuf
  3903 | D:3      | Reached skill level 6 in Crossbows
  4030 | D:3      | Found a blossoming altar of Fedhas.
  4030 | D:3      | Found a deep blue altar of Sif Muna.
  4298 | D:4      | Noticed Natasha
  4361 | D:4      | Killed Natasha
  4380 | D:4      | Reached XP level 7. HP: 46/54 MP: 7/7
  4641 | D:4      | Found an iron altar of Okawaru.
  5470 | D:3      | Became a worshipper of Cheibriados the Contemplative
  5506 | D:5      | Entered Level 5 of the Dungeon
  5539 | D:5      | Reached skill level 5 in Armour
  5641 | D:5      | Found an ornate altar of the Wu Jian Council.
  5691 | D:5      | Reached XP level 8. HP: 60/61 MP: 8/8
  5694 | D:5      | Reached skill level 7 in Crossbows
  5813 | D:5      | Found a sacrificial altar of Ru.
  5884 | D:5      | Reached skill level 5 in Fighting
  5948 | D:5      | Reached * piety under Cheibriados
  6068 | D:5      | Found an ancient bone altar of Kikubaaqudgha.
  6068 | D:5      | Found a sparkling altar of Nemelex Xobeh.
  6328 | D:6      | Found a staircase to the Ecumenical Temple.
  6519 | D:6      | Noticed Edmund
  6519 | D:6      | Noticed Blork the orc
  6526 | D:6      | Killed Blork the orc
  6539 | D:6      | Killed Edmund
  6539 | D:6      | Reached skill level 5 in Dodging
  6574 | D:6      | Gained mutation: You are resistant to hostile enchantments.
                  | (MR+) [potion of mutation]
  6574 | D:6      | Gained mutation: You have a pair of small horns on your
                  | head. [potion of mutation]
  6576 | D:6      | Slain by a sky beast

Skill      XL: |  1  2  3  4  5  6  7  8 |
---------------+-------------------------+-----
Fighting       | 3 4 5 |  5.9
Crossbows      | 5 6 7 |  7.9
Armour         | 1 2 3 5 6 |  6.5
Dodging        | 3 4 5 |  5.1
Stealth        | |  0.8

Action                   |  1- 3 |  4- 6 |  7- 9 || total
-------------------------+-------+-------+-------++-------
Melee: Short sword       |    80 |   221 |   193 ||   494
       Hand crossbow     |       |       |     2 ||     2
 Fire: Hand crossbow     |    11 |    49 |   100 ||   160
Throw: Tomahawk          |       |       |     4 ||     4
 Abil: Hop               |     1 |       |       ||     1
  Use: Potion            |     1 |     1 |     3 ||     5
  Eat: Chunk             |     1 |    12 |     7 ||    20
Armor: Leather armour    |     7 |       |       ||     7
       Ring mail         |    19 |   105 |    80 ||   204
       Skin              |       |       |    17 ||    17
Dodge: Dodged            |    50 |   162 |   146 ||   358
